 Dungeon Crawl Stone Soup version 0.30-a0-297-g0ec75d9ef4 (console) character file.

Game seed: 17072278281903156218

196 Ignak the Magician (level 5, -4/41 HPs)
             Began as a Gnoll Hedge Wizard on Oct 19, 2022.
             Succumbed to a gnoll sergeant's poison
             ... on level 3 of the Dungeon.
             The game lasted 00:07:54 (3111 turns).

Ignak the Magician (Gnoll Hedge Wizard)             Turns: 3111, Time: 00:07:55

Health: -4/41      AC: 10    Str:  9    XL:     5   Next: 75%
Magic:  12/14      EV: 11    Int: 16    God:
Gold:   301        SH:  0    Dex: 11    Spells: 10/18 levels left

rFire   + . .      SeeInvis +    c - +6 mace
rCold   + . .      Faith    .    (no shield)
rNeg    . . .      Spirit   .    t - +2 ring mail {rF+}
rPois   .          Reflect  .    o - +0 helmet
rElec   .          Harm     .    (no cloak)
rCorr   .          Rampage  .    (no gloves)
Will    .....                    (no boots)
Stlth   ++........               (no amulet)
HPRegen 0.26/turn                j - ring of protection from cold
MPRegen 0.14/turn                (no ring)

@: brilliant, lethally poisoned (-4 -> -22), on blink cooldown
A: fangs 1, strong nose, distributed training, iridescent scales 1, see
invisible, robust 1
a: no special abilities


You were on level 3 of the Dungeon.
You visited 1 branch of the dungeon, and saw 3 of its levels.

You collected 301 gold pieces.

Inventory:

Hand Weapons
 c - a +6 mace (weapon)
Missiles
 l - a throwing net
 n - 2 datura-tipped darts (quivered)
Armour
 b - a +0 robe
 o - a +0 helmet (worn)
 t - a +2 ring mail of fire resistance (worn)
Jewellery
 j - a ring of protection from cold (left hand)
Scrolls
 f - 3 scrolls of identify
 h - a scroll of poison
 r - a scroll of enchant weapon {unknown}
 s - a scroll of teleportation {unknown}
Potions
 a - a potion of brilliance
 d - a potion of magic
 e - a potion of mutation
 g - 2 potions of curing {unknown}
 i - a potion of resistance {unknown}
 k - a potion of cancellation {unknown}
 m - a potion of haste {unknown}
 p - 2 potions of invisibility {unknown}
 q - a potion of lignification {unknown}


   Skills:
 + Level 1.7 Fighting
 + Level 1.7 Short Blades
 + Level 1.7 Long Blades
 + Level 1.7 Axes
 + Level 1.7 Maces & Flails
 + Level 1.7 Polearms
 + Level 1.7 Staves
 + Level 1.7 Ranged Weapons
 + Level 1.7 Throwing
 + Level 1.7 Armour
 + Level 4.9 Dodging
 + Level 4.5 Stealth
 + Level 1.7 Shields
 + Level 1.7 Unarmed Combat
 + Level 7.3 Spellcasting
 + Level 2.5 Conjurations
 + Level 1.3 Hexes
 + Level 2.5 Summonings
 + Level 1.3 Necromancy
 + Level 2.5 Translocations
 + Level 1.3 Transmutations
 + Level 1.3 Fire Magic
 + Level 1.3 Ice Magic
 + Level 1.3 Air Magic
 + Level 1.3 Earth Magic
 + Level 1.3 Poison Magic
 + Level 1.9 Invocations
 + Level 1.7 Evocations


You had 10 spell levels left.
You knew the following spells:

 Your Spells              Type           Power      Damage    Failure   Level
a - Magic Dart            Conj           80%        1d7       12%         1
b - Blink                 Tloc           40%        N/A       17%         2
d - Mephitic Cloud        Conj/Pois/Air  17%        N/A       43%         3
e - Call Imp              Summ           20%        N/A       17%         2

Your spell library contained the following spells:

 Spells                   Type           Power      Damage    Failure   Level
 Slow                     Hex            60%        N/A       19%         1
 Cigotuvi's Dreadful Rot  Necr/Pois/Air  30%        N/A       28%         2


Dungeon Overview and Level Annotations

Branches:
Dungeon (3/15)

Altars:
Dithmenos
Fedhas


Innate Abilities, Weirdness & Mutations

You have very sharp teeth.
Your uncanny sense of smell can sniff out nearby items.
Your experience applies equally to all skills.
You are partially covered in iridescent scales. (AC +2)
You have supernaturally acute eyesight. (SInv)
You are robust. (+10% HP)


Message History

You feel resistant to fire.
Casting: Mephitic Cloud (quite dangerous; 43% risk of failure)
Confirm with . or Enter, or press ? or * to list all spells.
Okay, then.
A bat is nearby!
Things that are here:
a +0 spear; a gnoll corpse A gnoll comes into view.
It is wielding a +0 flail.
You catch the helpless bat completely off-guard!
You sock the bat!
You kill the bat!
The gnoll shouts!
No target in view!
A gnoll sergeant comes into view.
It is wielding a +0 spear of venom and wearing a +1 ring mail of poison resistance.
The gnoll misses you.
You see here a scroll of identify.
You barely miss the gnoll.
The gnoll sergeant shouts!
The gnoll sergeant hits you from afar with a +0 spear of venom.
You thump the gnoll! Your bite misses the gnoll.
The gnoll is almost dead.
The gnoll sergeant hits you from afar with a +0 spear of venom!
You are poisoned.
The gnoll hits you with a +0 flail.
The gnoll sergeant hits you from afar with a +0 spear of venom!
You are lethally poisoned!
The gnoll hits you with a +0 flail.
Casting: Mephitic Cloud (quite dangerous; 43% risk of failure)
Confirm with . or Enter, or press ? or * to list all spells.
You blink.
* * * LOW HITPOINT WARNING * * *
You feel extremely sick.
It was a potion of brilliance.
You feel clever all of a sudden.
* * * LOW HITPOINT WARNING * * *
You feel very sick.
It was a potion of mutation.
You feel extremely strange.
Iridescent scales grow over part of your body.
Your vision sharpens.
You feel robust.
You die...

#.# #...... #.##.######### #
######. #...g..........## ##
+.#g#..#######..# #
.g.##.#####...# # ####
#.)##....## ##.)...##.#
##############........#~~~.~~.~.
...........##..@......##.......#
#........######....#.#.......#
#................#...##..... #
#.....................##...##.
#.....~~~...........#...#...###
#....~~~≈~~~........###..#...#..
#...~≈≈≈~≈≈≈~........##..#...#..
#..~≈≈≈~~~~≈≈~............#.....
#..≈≈~≈.<.~≈≈≈...#####........>.


You could see a gnoll sergeant.

Vanquished Creatures
  Jessica (D:2)
  2 adders
  2 gnolls (D:3)
  A worm (D:2)
  A dart slug (D:1)
  3 ball pythons
  5 endoplasms
  4 giant cockroaches
  6 goblins
  A hobgoblin (D:1)
  4 jackals
  2 quokkas (D:1)
  7 bats
  4 frilled lizards
  5 kobolds
  4 rats
52 creatures vanquished.

Vanquished Creatures (collateral kills)
  Robin (D:2)
  An adder (D:2)
  4 gnolls
  A worm (D:2)
  3 hobgoblins (D:2)
  3 jackals
  2 frilled lizards
  A goblin (D:2)
16 creatures vanquished.

Grand Total: 68 creatures vanquished

Notes
Turn   | Place    | Note
-------+----------+-------------------------------------------
     0 | D:1      | Ignak the Gnoll Hedge Wizard began the quest for the Orb.
     0 | D:1      | Reached XP level 1. HP: 13/13 MP: 8/8
   124 | D:1      | Reached XP level 2. HP: 19/19 MP: 10/10
   128 | D:1      | Learned a level 2 spell: Blink
   131 | D:1      | Learned a level 2 spell: Call Imp
   983 | D:1      | Reached XP level 3. HP: 19/25 MP: 9/11
   987 | D:1      | Learned a level 3 spell: Mephitic Cloud
  1048 | D:1      | Reached skill level 1 in Invocations
  1528 | D:2      | Reached skill level 1 in Fighting
  1528 | D:2      | Reached skill level 1 in Short Blades
  1528 | D:2      | Reached skill level 1 in Long Blades
  1528 | D:2      | Reached skill level 1 in Axes
  1528 | D:2      | Reached skill level 1 in Maces & Flails
  1528 | D:2      | Reached skill level 1 in Polearms
  1528 | D:2      | Reached skill level 1 in Staves
  1528 | D:2      | Reached skill level 1 in Ranged Weapons
  1528 | D:2      | Reached skill level 1 in Throwing
  1528 | D:2      | Reached skill level 1 in Armour
  1528 | D:2      | Reached skill level 1 in Shields
  1528 | D:2      | Reached skill level 1 in Unarmed Combat
  1528 | D:2      | Reached skill level 1 in Evocations
  1654 | D:2      | Reached XP level 4. HP: 32/32 MP: 10/13
  2044 | D:2      | Reached skill level 1 in Hexes
  2044 | D:2      | Reached skill level 1 in Necromancy
  2044 | D:2      | Reached skill level 1 in Transmutations
  2044 | D:2      | Reached skill level 1 in Fire Magic
  2044 | D:2      | Reached skill level 1 in Ice Magic
  2044 | D:2      | Reached skill level 1 in Air Magic
  2044 | D:2      | Reached skill level 1 in Earth Magic
  2044 | D:2      | Reached skill level 1 in Poison Magic
  2445 | D:2      | Noticed Robin
  2474 | D:2      | Reached XP level 5. HP: 35/37 MP: 9/14
  2476 | D:2      | Killed Robin
  2536 | D:2      | Noticed Jessica
  2542 | D:2      | Killed Jessica
  2682 | D:3      | Found a shadowy altar of Dithmenos.
  2688 | D:3      | Identified the +0 chain mail "Urgheon" {Will- Str+8 Dex-5}
  2924 | D:3      | Found a blossoming altar of Fedhas.
  3110 | D:3      | HP: 1/38 [poisoned by a gnoll sergeant]
  3111 | D:3      | Gained mutation: You are partially covered in iridescent
                  | scales. (AC +2) [potion of mutation]
  3111 | D:3      | Gained mutation: You have supernaturally acute eyesight.
                  | (SInv) [potion of mutation]
  3111 | D:3      | Gained mutation: You are robust. (+10% HP) [potion of
                  | mutation]
  3111 | D:3      | Succumbed to a gnoll sergeant's poison

Illustrated notes

Levels and vault maps discovered:
D:1:      dpeg_arrival_round_c, layout_basic, chequers_serial_rivers_room_b
D:2:      layout_basic, uniq_jessica, uniq_robin
D:3:      layout_rooms, amcnicky_altar_gilded,
          nicolae_ru_great_annihilating_truth, fedhas_ov_isle_minmay,
          nicolae_underground_beach

Skill      XL: |  1  2  3  4 |
---------------+-------------+-----
Conjurations   | 2 |  2.5
Summonings     | 2 |  2.5
Translocations | 2 |  2.5
Invocations    | 1 |  1.9
Fighting       | 1 |  1.7
Short Blades   | 1 |  1.7
Long Blades    | 1 |  1.7
Axes           | 1 |  1.7
Maces & Flails | 1 |  1.7
Polearms       | 1 |  1.7
Staves         | 1 |  1.7
Ranged Weapons | 1 |  1.7
Throwing       | 1 |  1.7
Armour         | 1 |  1.7
Shields        | 1 |  1.7
Unarmed Combat | 1 |  1.7
Evocations     | 1 |  1.7
Hexes          | 1 |  1.3
Necromancy     | 1 |  1.3
Transmutations | 1 |  1.3
Fire Magic     | 1 |  1.3
Ice Magic      | 1 |  1.3
Air Magic      | 1 |  1.3
Earth Magic    | 1 |  1.3
Poison Magic   | 1 |  1.3
Dodging        | |  4.9
Stealth        | |  4.5
Spellcasting   | |  7.3

Action                   |  1- 3 |  4- 6 || total
-------------------------+-------+-------++-------
Melee: Dagger            |    75 |    35 ||   110
       Bite              |     7 |     5 ||    12
       Punch             |     1 |     2 ||     3
       Mace              |       |    40 ||    40
 Cast: Magic Dart        |    22 |       ||    22
       Call Imp          |     5 |    12 ||    17
       Mephitic Cloud    |       |     2 ||     2
       Blink             |       |     1 ||     1
  Use: Potion            |       |     2 ||     2
       Scroll            |       |     1 ||     1
 Stab: Sleeping          |     8 |     4 ||    12
       Distracted        |     1 |     1 ||     2
       Confused          |       |     1 ||     1
Armor: Robe              |    15 |    16 ||    31
Dodge: Dodged            |    60 |    48 ||   108

Table legend: (Time is in decaauts)
 A = Elapsed time spent in this place.
 B = Non-inter-level travel time spent in this place.
 C = Inter-level travel time spent in this place.
 D = Time resting spent in this place.
 E = Time spent auto-exploring this place.
 F = Levels seen in this place.
 G = Mean time per level.
                   A        B        C        D        E       F      G
               +--------+--------+--------+--------+--------+-----+--------+
         Total |   3118 |   3072 |     46 |    246 |   1921 |   3 | 1039.3 |
       Dungeon |   3118 |   3072 |     46 |    246 |   1921 |   3 | 1039.3 |
               +--------+--------+--------+--------+--------+-----+--------+

Top non-repeatable levels by time:
     D:1: 1490 daAuts
     D:2: 1187 daAuts
     D:3: 440 daAuts
